 Dungeon Crawl Stone Soup version 0.26.1-2-gb8aa6d0cf2 (webtiles) character file.

Game seed: 1055385936424451515

49 tsujin the Grave Robber (level 3, 6/19 HPs)
             Began as a Deep Elf Necromancer on Mar 24, 2021.
             Got out of the dungeon alive.
             The game lasted 00:08:12 (1970 turns).

tsujin the Grave Robber (Deep Elf Necromancer)      Turns: 1970, Time: 00:08:12

Health: 6/19       AC:  2    Str:  5    XL:     3   Next: 51%
Magic:  10/10      EV: 13    Int: 20    God:
Gold:   104        SH:  0    Dex: 15    Spells: 8/10 levels left

rFire    . . .     SeeInvis .   (no weapon)
rCold    . . .     Faith    .   (no shield)
rNeg     . . .     Spirit   .   a - +0 robe
rPois    .         Reflect  .   (no helmet)
rElec    .         Harm     .   (no cloak)
rCorr    .         Rampage  .   (no gloves)
Will     .....                  (no boots)
Stlth    ++........             (no amulet)
HPRegen  0.06/turn              (no ring)
MPRegen  0.12/turn              (no ring)

@: no status effects
A: no striking features
a: no special abilities


You escaped.
You visited 1 branch of the dungeon, and saw 2 of its levels.

You collected 104 gold pieces.

Inventory:

Armour
 a - a +0 robe (worn)
 d - a +0 pair of gloves
Scrolls
 e - a scroll of teleportation
 f - 2 scrolls of remove curse
Potions
 b - a potion of mutation
 c - a potion of haste
 h - a potion of might
 j - a potion of degeneration {unknown}
 k - a potion of cancellation
 l - a potion of resistance {unknown}


   Skills:
 + Level 3.0 Dodging
 + Level 3.0 Stealth
 * Level 4.0 Spellcasting
 + Level 5.3 Necromancy


You had 8 spell levels left.
You knew the following spells:

 Your Spells              Type           Power        Failure   Level
a - Pain                  Necr           100%         1%          1
b - Animate Skeleton      Necr           50%          1%          1

Your spell library contained the following spells:

 Spells                   Type           Power        Failure   Level
 Vampiric Draining        Necr           12%          4%          3
 Animate Dead             Necr           12%          14%         4
 Agony                    Necr           25%          36%         5


Dungeon Overview and Level Annotations

Branches:
Dungeon (2/15)

Altars:
Okawaru


Message History

Casting: Pain (safe; 1% risk of failure)
Confirm with . or Enter, or press ? or * to list all spells.
Aiming: Pain (safe; 1% risk of failure)
Press: ? - help, Shift-Dir - straight line, f - leopard gecko
Aim: a leopard gecko (chance to affect: 93%)
The leopard gecko writhes in agony.
You kill the leopard gecko!
There is a stone staircase leading up here.
You climb upwards.
There is a stone staircase leading down here.
Okay, then.
(D) Dungeon
Where to? (Enter - D:2, ? - help)
What level of the Dungeon? (default 1, ? - help) You're already here!
Magic restored.
There is a staircase leading out of the dungeon here.
You can't go down here!
Are you sure you want to leave the Dungeon?
This will make you lose the game!
You have escaped!

#########.## ###
########################## #
#.#..#.....#..#.....#..#.# #
###.......#..#..#..#..#..#.## #
#...........................## #
#...#..#..#.....#..#..#..#...#
####.#.#..#..#.....#..........#.#
.....#.#.....#..@.....#..#....#.#
#.##.##########################..
#.##.######## ##### ##..
#...........# #.#.# #...
####.###...## ##.## #... ####.#
##.## #.# ##.# .....# #.# #.# #..
###### #.# #.# #.# # ##'## #.#
#.#


There were no monsters in sight!

Vanquished Creatures
  2 adders (D:2)
  An ooze (D:2)
  2 worms (D:2)
  A leopard gecko (D:2)
  2 bats
  3 goblins
  2 hobgoblins (D:1)
  A quokka (D:2)
  4 frilled lizards
  2 kobolds
  2 rats (D:1)
22 creatures vanquished.

Vanquished Creatures (collateral kills)
  A rat (D:2)
1 creature vanquished.

Grand Total: 23 creatures vanquished

Notes
Turn   | Place    | Note
-------+----------+-------------------------------------------
     0 | D:1      | tsujin the Deep Elf Necromancer began the quest for the
                  | Orb.
     0 | D:1      | Reached XP level 1. HP: 10/10 MP: 6/6
   207 | D:1      | Reached skill level 5 in Necromancy
   577 | D:1      | Reached XP level 2. HP: 12/15 MP: 5/8
  1233 | D:2      | Learned a level 1 spell: Animate Skeleton
  1398 | D:2      | Found an iron altar of Okawaru.
  1549 | D:2      | Reached XP level 3. HP: 16/19 MP: 6/10
  1970 | D:$      | Got out of the dungeon alive.

Illustrated notes

Levels and vault maps discovered:
D:1:      dpeg_arrival_ternary, layout_loops_corners, minmay_pentomino_v4
D:2:      layout_loops_ring, okawaru_ov_weapons_minmay, zin_statuary,
          minmay_door_square

Skill      XL: |  1  2  3 |
---------------+----------+-----
Necromancy     | 5 |  5.3
Dodging        | 3 |  3.0
Stealth        | 3 |  3.0
Spellcasting   | 4 |  4.0

Action                   || total
-------------------------++-------
 Cast: Pain              ||    45
       Animate Skeleton  ||     4
  Use: Scroll            ||    10
Armor: Robe              ||     1
Dodge: Dodged            ||     5
